 Dungeon Crawl Stone Soup version 0.29-a0-330-g52719c12eb (webtiles) character file.

Game seed: 4746010814580319102

252 kae the Firebug (level 5, -6/38 HPs)
             Began as a Demigod Fire Elementalist on Apr 30, 2022.
             Killed by divine providence
             ... invoked by an orc priest
              (15 damage)
             ... on level 3 of the Dungeon.
             The game lasted 00:03:49 (3676 turns).

kae the Firebug (Demigod Fire Elementalist)         Turns: 3676, Time: 00:03:50

Health: -6/38      AC:  4    Str:  9    XL:     5   Next: 57%
Magic:  6/12       EV: 12    Int: 21    God:
Gold:   46         SH:  0    Dex: 14    Spells: 4/10 levels left

rFire   . . .      SeeInvis .   m - +2 whip (elec)
rCold   . . .      Faith    .   (no shield)
rNeg    . . .      Spirit   .   a - +1 robe
rPois   .          Reflect  .   (no helmet)
rElec   .          Harm     .   d - +0 cloak
rCorr   .          Rampage  .   (no gloves)
Will    .....                   (no boots)
Stlth   ++........              (no amulet)
HPRegen 0.12/turn               (no ring)
MPRegen 0.13/turn               (no ring)

@: no status effects
A: high MP 1, forlorn, divine attributes
a: no special abilities


You were on level 3 of the Dungeon.
You visited 1 branch of the dungeon, and saw 3 of its levels.

You collected 71 gold pieces.
You spent 25 gold pieces at shops.

Inventory:

Hand Weapons
 e - a +0 dagger
 l - a +1 whip of flaming
 m - a +2 whip of electrocution (weapon)
Armour
 a - a +1 robe (worn)
 d - a +0 cloak (worn)
Wands
 n - a wand of flame (9)
Scrolls
 c - 3 scrolls of noise
 f - a scroll of identify
 k - 3 scrolls of blinking
Potions
 b - a potion of magic
 g - a potion of curing
 h - a potion of invisibility
 i - a potion of attraction
 o - a potion of flight
 q - a potion of haste


   Skills:
 - Level 1.7 Dodging
 - Level 1.7 Stealth
 + Level 3.3 Spellcasting
 + Level 3.0 Conjurations
 + Level 4.1 Fire Magic


You had 4 spell levels left.
You knew the following spells:

 Your Spells              Type           Power      Damage    Failure   Level
a - Foxfire               Conj/Fire      72%        2x1d7     3%          1
b - Scorch                Fire           40%        2d7       3%          2
c - Conjure Flame         Conj/Fire      18%        6-21      9%          3

Your spell library contained the following spells:

 Spells                   Type           Power      Damage    Failure   Level
 Inner Flame              Hex/Fire       12%        N/A       17%         3
 Flame Wave               Conj/Fire      18%        2d6       28%         4
 Tukima's Dance           Hex            3%         N/A       36%         3
 Anguish                  Hex/Necr       1%         N/A       78%         4
 Enfeeble                 Hex            1%         N/A       100%        7


Dungeon Overview and Level Annotations

Branches:
Dungeon (3/15)

Shops:
D:1 [(*[*


Innate Abilities, Weirdness & Mutations

You have an increased reservoir of magic. (+10% MP)
You shall have no god before yourself.
Your divine heritage dramatically boosts your attributes as you level up.


Message History

The orc hits you with a +0 club.
The orc priest looks encouraged for a moment.
Casting: Foxfire (safe; 3% risk of failure)
Confirm with . or Enter, or press ? or * to list all spells.
You conjure some foxfire!
The orc barely misses you.
The foxfire hits the orc!
You kill the orc!
The foxfire hits the orc.
The orc is severely wounded.
The orc closely misses you.
Casting: Foxfire (safe; 3% risk of failure)
Confirm with . or Enter, or press ? or * to list all spells.
You conjure some foxfire!
The orc closely misses you.
The foxfire hits the orc priest but does no damage.
The foxfire hits the orc priest.
The orc priest is lightly wounded.
The orc misses you.
Casting: Foxfire (safe; 3% risk of failure)
Confirm with . or Enter, or press ? or * to list all spells.
You conjure some foxfire!
The orc hits you with a +1 mace of protection!
The orc priest hits you with a +0 club.
The foxfire hits the orc priest.
The orc priest is moderately wounded.
The foxfire hits the orc priest.
The orc priest is moderately wounded.
The orc hits you but does no damage. The orc priest barely misses you.
Casting: Foxfire (safe; 3% risk of failure)
Confirm with . or Enter, or press ? or * to list all spells.
You conjure some foxfire!
The orc barely misses you. The orc priest hits you with a +0 club.
The foxfire hits the orc priest.
The orc priest is severely wounded.
The foxfire hits the orc priest.
The orc priest is severely wounded.
The orc hits you with a +1 mace of protection.
* * * LOW HITPOINT WARNING * * *
The orc priest invokes the aid of Beogh against you.
Beogh smites you!
You die...

# ####### .#
#.)..o##.#
#.###o@ยง.#
.o.) ##.#.#
#..... #.#.#
#8.#.#.8#.#.#
##.###.##.#.#
## ###.#.#
########
#.#.#
S......#
#...#
###.#.###
##...#


You could see an orc priest and an orc.

Vanquished Creatures
  Jessica (D:3)
  2 orc wizards (D:2)
  Natasha (thrice) (D:3)
  4 adders
  2 dart slugs (D:2)
  10 orcs
  6 ball pythons
  3 endoplasms
  2 giant cockroaches
  6 goblins
  5 hobgoblins
  4 kobolds
  A quokka (D:3)
  4 bats
  5 frilled lizards
58 creatures vanquished.

Vanquished Creatures (others)
  233 foxfires
233 creatures vanquished.

Grand Total: 291 creatures vanquished

Notes
Turn   | Place    | Note
-------+----------+-------------------------------------------
     0 | D:1      | kae the Demigod Fire Elementalist began the quest for the
                  | Orb.
     0 | D:1      | Reached XP level 1. HP: 14/14 MP: 5/5
    80 | D:1      | Reached skill level 1 in Conjurations
   212 | D:1      | Found Diful's Antique Armour Shop.
   460 | D:1      | Found Mumn's Antique Armour Shoppe.
   571 | D:1      | Found Luopoul's Assorted Antiques.
   577 | D:1      | Bought a scroll labelled PALLOABECW for 25 gold pieces
   624 | D:1      | Found Tiuwk's Assorted Antiques.
   777 | D:1      | Reached XP level 2. HP: 20/20 MP: 4/7
   804 | D:1      | Found Saophode's Weapon Boutique.
   967 | D:2      | Reached skill level 3 in Fire Magic
  1384 | D:2      | Reached XP level 3. HP: 26/26 MP: 6/9
  2099 | D:3      | Noticed Natasha
  2107 | D:3      | Killed Natasha
  2191 | D:3      | Reached XP level 4. HP: 33/33 MP: 8/10
  2251 | D:3      | Noticed Natasha
  2260 | D:3      | Killed Natasha
  2482 | D:3      | Noticed Jessica
  2490 | D:3      | Killed Jessica
  2528 | D:3      | Learned a level 2 spell: Scorch
  2552 | D:3      | Learned a level 3 spell: Conjure Flame
  2715 | D:3      | Noticed Natasha
  2720 | D:3      | Killed Natasha
  2721 | D:3      | Reached XP level 5. HP: 16/38 MP: 9/12
  2985 | D:3      | Noticed an ogre
  3061 | D:2      | Reached skill level 4 in Fire Magic
  3676 | D:3      | Killed from afar by an orc priest

Illustrated notes

Levels and vault maps discovered:
D:1:      grunt_arrival_crossed_arrows, layout_basic,
          ebering_ecumenical_altar_webs, serial_shops, shop, nicolae_shop_trees,
          shop, nicolae_shop_waterfront, shop_fountains
D:2:      layout_rooms
D:3:      layout_basic, chequers_serial_rivers_large_b, pf_guarded_unrand_meek,
          uniq_jessica, uniq_natasha

Skill      XL: |  1  2  3  4  5 |
---------------+----------------+-----
Conjurations   | 1 2 3 |  3.0
Spellcasting   | 2 3 |  3.3
Fire Magic     | 3 4 |  4.1
Dodging        | |  1.7
Stealth        | |  1.7

Action                   |  1- 3 |  4- 6 || total
-------------------------+-------+-------++-------
Melee: Whip              |       |     3 ||     3
 Cast: Foxfire           |    83 |    55 ||   138
       Scorch            |       |     6 ||     6
  Use: Scroll            |     9 |     5 ||    14
Armor: Robe              |     5 |     6 ||    11
Dodge: Dodged            |    11 |    29 ||    40

Table legend: (Time is in decaauts)
 A = Elapsed time spent in this place.
 B = Non-inter-level travel time spent in this place.
 C = Inter-level travel time spent in this place.
 D = Time resting spent in this place.
 E = Time spent auto-exploring this place.
 F = Levels seen in this place.
 G = Mean time per level.
                   A        B        C        D        E       F      G
               +--------+--------+--------+--------+--------+-----+--------+
         Total |   3685 |   3623 |     62 |    196 |   2887 |   3 | 1228.3 |
       Dungeon |   3685 |   3623 |     62 |    196 |   2887 |   3 | 1228.3 |
               +--------+--------+--------+--------+--------+-----+--------+

Top non-repeatable levels by time:
     D:3: 1567 daAuts
     D:2: 1199 daAuts
     D:1: 919 daAuts
